 Dungeon Crawl Stone Soup version 0.14-a0-1863-gcc20582 (webtiles) character file.

1100 Kae the Martial Artist (level 7, -5/52 HPs)
             Began as a White Draconian Transmuter on Jan 13, 2014.
             Was an Initiate of Sif Muna.
             Slain by a hill giant
             ... wielding a +0,+0 giant club
              (16 damage)
             ... on Level 6 of the Dungeon.
             The game lasted 00:07:01 (6243 turns).

Kae the Martial Artist (White Draconian Transmuter) Turns: 6243, Time: 00:07:01

HP  -5/52        AC  6     Str 13      XL: 7   Next: 59%
MP  10/12        EV 12     Int 13      God: Sif Muna [......]
Gold 300         SH  0     Dex 13      Spells:  3 memorised,  4 levels left

rFire  . . .     SeeInvis .       - Unarmed
rCold  + . .     Clarity  .     (armour unavailable)
rNeg   . . .     Conserve .     (no shield)
rPois  .         rCorr    .     (helmet restricted)
rElec  .         rRot     .     (no cloak)
SustAb . .       Spirit   .     (no gloves)
rMut   .         Warding  .     (no boots)
Saprov . . .     Stasis   .     (no amulet)
MR     .....                    (no ring)
                                (no ring)

@: not resistant to hostile enchantments, unstealthy
A: breathe frost, unfitting armour, cold resistance 1, AC +6
a: Breathe Frost, Renounce Religion


You were on level 6 of the Dungeon.
You worshipped Sif Muna.
Sif Muna was noncommittal.
You were starving.

You visited 2 branches of the dungeon, and saw 7 of its levels.

You collected 300 gold pieces.

Inventory:

Missiles
 b - 32 arrows
Magical devices
 u - a wand of random effects (8) {unknown}
 E - a wand of paralysis (12) {unknown}
Comestibles
 a - 4 bread rations
 c - 3 meat rations
 f - an apple
 h - an orange
 j - an apricot
 v - a choko
Scrolls
 g - a scroll of random uselessness
 i - 3 scrolls of fear
 n - a scroll of curse weapon {unknown}
 q - 2 scrolls of remove curse
 t - a scroll of noise {unknown}
 x - a scroll of curse armour {unknown}
 A - 2 scrolls of enchant weapon II {unknown}
 C - a scroll of identify {unknown}
Jewellery
 y - an uncursed ring of teleportation
Potions
 e - a potion of magic {unknown}
 l - a potion of cure mutation {unknown}
 m - 2 potions of heal wounds {unknown}
 o - a potion of confusion {unknown}
 r - 2 potions of flight {unknown}
 s - a potion of curing {unknown}
 z - a potion of agility {unknown}
 B - a potion of resistance {unknown}
 D - a potion of restore abilities {unknown}
 G - a potion of paralysis {unknown}
Books
 d - a book of Changes

   Spells                             Type                      Level
   *Beastly Appendage                 Transmutation                1
   *Sticks to Snakes                  Transmutation                2
   *Spider Form                       Transmutation/Poison         3
   Ice Form                           Ice/Transmutation            4
   Blade Hands                        Transmutation                5
 w - a book of Wizardry

   Spells                             Type                      Level
   Summon Elemental                   Summoning                    4
   Agony                              Necromancy                   5
   Force Lance                        Conjuration                  5
   Fireball                           Conjuration/Fire             5
   Haste                              Charms                       6
   Invisibility                       Hexes                        6
 F - a book of Battle

   Spells                             Type                      Level
   Infusion                           Charms                       1
   Shroud of Golubria                 Charms/Translocation         2
   Song of Slaying                    Charms                       2
   Spectral Weapon                    Hexes/Charms                 3
   Regeneration                       Charms/Necromancy            3
Rods
 k - a +0 rod of frigid destruction (13/13)
   (You found it on level 2 of the Dungeon)


   Skills:
 - Level 1.1 Fighting
 - Level 1.7 Dodging
 + Level 9.1 Unarmed Combat
 - Level 2.0 Spellcasting
 - Level 2.0 Transmutations


You had 4 spell levels left.
You knew the following spells:

 Your Spells              Type           Power        Failure   Level  Hunger
a - Beastly Appendage     Trmt           #.....       12%         1    ##.....
b - Sticks to Snakes      Trmt           #.........   17%         2    ###....
c - Spider Form           Trmt/Pois      #.........   52%         3    ####...


Dungeon Overview and Level Annotations

Branches:
Dungeon (6/16)             Temple (1/1) D:4

Altars:
Elyvilon
Makhleb
Okawaru
Sif Muna
Trog
Xom
Yredelemnul

Shops:
D:6 *

Annotations:
D:3 Kae's ghost, average DrTm


Innate Abilities, Weirdness & Mutations

You can breathe waves of freezing cold.*
You can buffet flying creatures when you breathe cold.*
Your icy white scales are hard (AC +6).*
Your body does not fit into most forms of armour.
Your cold-blooded metabolism reacts poorly to cold.
Your flesh is cold resistant.*


Message History

Ouch! That really hurt!
* * * LOW HITPOINT WARNING * * *
You bite the hill giant!
The hill giant looks even sicker.
The hill giant is moderately wounded.
You bite the hill giant!
The hill giant looks even sicker.
The hill giant is heavily wounded.
The hill giant closely misses you.
You hit the hill giant.
The hill giant looks even sicker.
The hill giant is heavily wounded.
The hill giant completely misses you.
An orc comes into view. It is wielding an orcish club.
You hit the hill giant.
The hill giant is severely wounded.
Your transformation has ended.
You fall off the wall.
You barely miss the hill giant. You punch the hill giant.
The hill giant is severely wounded.
You are starving!
The hill giant hits you with a giant club!
You die...

.. .. ####. .
##....######?#
..$........#.#.#
.......o..........
#.........#
.......#..<.#
∩.#...#....# #.
.#..C@# #.
.#............
#####.#.#....#.#.###
#............#.#
#...............
#.....<..........
#......>.##.... ..
.......C........ .
##........#####


You could see a hill giant and an orc.

Vanquished Creatures
  A sky beast (D:5)
  5 crimson imps (D:5)
  A centaur skeleton (D:4)
  A gnoll shaman (D:5)
  A giant frog skeleton (D:5)
  A hound (D:5)
  2 scorpions (D:5)
  An iguana (D:4)
  3 worker ants
  Jessica (D:3)
  6 gnolls (D:5)
  5 adders
  2 giant mites
  An inept feature mimic (D:5)
  A worm (D:3)
  A giant gecko (D:4)
  An ooze (D:3)
  8 orcs
  A ball python (D:3)
  4 giant cockroaches
  8 hobgoblins
  2 quokkas
  4 training dummies (D:2)
  9 bats
  6 giant newts
  10 goblins
  11 jackals
  15 kobolds
  12 rats
  A rat skeleton (D:4)
125 creatures vanquished.

Notes
Turn   | Place    | Note
--------------------------------------------------------------
     0 | D:1      | Kae, the Draconian Transmuter, began the quest for the Orb.
     0 | D:1      | Reached XP level 1. HP: 16/16 MP: 3/3
   278 | D:1      | Reached XP level 2. HP: 23/23 MP: 4/4
   572 | D:1      | Reached skill level 4 in Unarmed Combat
   830 | D:2      | Reached XP level 3. HP: 25/28 MP: 4/6
   861 | D:2      | Found an iron altar of Okawaru.
   939 | D:2      | Identified a +0 rod of frigid destruction (13/13) (You found it on level 2 of the Dungeon)
  1655 | D:3      | Noticed Kae's ghost (average DrTm)
  2007 | D:3      | Reached XP level 4. HP: 33/35 MP: 7/7
  2088 | D:2      | Reached skill level 5 in Unarmed Combat
  2618 | D:3      | Noticed Jessica
  2623 | D:3      | Killed Jessica
  2769 | D:3      | Reached XP level 5. HP: 27/40 MP: 9/9
  3011 | D:3      | Reached skill level 6 in Unarmed Combat
  3909 | D:4      | Found a staircase to the Ecumenical Temple.
  3968 | Temple   | Entered the Ecumenical Temple
  3979 | Temple   | Became a worshipper of Sif Muna the Loreminder
  4007 | D:4      | Learned a level 2 spell: Sticks to Snakes
  4263 | D:4      | Found a bloodstained altar of Trog.
  4527 | D:4      | Reached XP level 6. HP: 34/47 MP: 10/10
  4636 | D:5      | Entered Level 5 of the Dungeon
  4649 | D:5      | Reached skill level 7 in Unarmed Combat
  4799 | D:5      | Found Hiavio's Antique Armour Boutique.
  4805 | D:5      | Hiavio's Antique Armour Boutique was a mimic.
  5246 | D:5      | Reached skill level 8 in Unarmed Combat
  5246 | D:5      | Your scales start taking on an icy white colour.
  5246 | D:5      | Gained mutation: Your flesh is cold resistant. [draconian maturity]
  5246 | D:5      | Reached XP level 7. HP: 39/52 MP: 12/12
  5903 | D:5      | Found a shimmering altar of Xom.
  6075 | D:5      | Reached skill level 9 in Unarmed Combat
  6170 | D:6      | Noticed a hill giant
  6216 | D:6      | Learned a level 3 spell: Spider Form
  6233 | D:6      | Found Pluy's Assorted Antiques.
  6243 | D:6      | Slain by a hill giant

Action                   |  1- 3 |  4- 6 |  7- 9 || total
-------------------------+-------+-------+-------++-------
Melee: Unarmed           |   183 |   273 |    90 ||   546
       Rod               |    16 |       |       ||    16
 Cast: Beastly Appendage |     6 |    22 |     7 ||    35
       Spider Form       |       |       |     1 ||     1
 Abil: Breathe Frost     |       |       |     1 ||     1
Evoke: Rod               |     1 |       |       ||     1
  Use: Scroll            |       |       |     5 ||     5
 Stab: Sleeping          |     2 |     1 |       ||     3
